 Dungeon Crawl Stone Soup version bcrawl-1.12-10-g10a67aac0f (webtiles) character file.

Game seed: 15289610585211597272

3315 Gumption the Tainter (level 10, -9/65 HPs)
             Began as a Fairy Venom Mage on June 11, 2019.
             Was a Believer of Sif Muna.
             Splashed by an acid dragon's acid (15 damage)
             ... on level 7 of the Dungeon.
             The game lasted 01:21:01 (8000 turns).

Gumption the Tainter (Fairy Venom Mage)             Turns: 8000, Time: 01:21:01

Health: -9/65      AC: -1    Str:  6    XL:     10   Next: 1%
Magic:  13/22      EV: 26    Int: 22    God:    Sif Muna [**....]
Gold:   405        SH:  6    Dex: 13    Spells: 3/23 levels left

rFire    + . .     SeeInvis +   a - +2 dagger (elec)
rCold    + . .     Gourm    .   (shield restricted)
rNeg     . . .     Faith    .   (armour unavailable)
rPois    .         Spirit   .   (no helmet)
rElec    .         Reflect  .   h - scarf {rC+ rF+}
rCorr    .         Harm     .   (no gloves)
MR       +....                  (no boots)
Stlth    +.........             (no amulet)
HPRegen  0.20/turn              l - ring of see invisible
MPRegen  0.18/turn              j - +5 ring of evasion

@: corroded, flying evasively, very slightly contaminated, divine energy
A: small, magic attunement, unstealthy, unfitting armour, able to fly, AC/SH +6
a: Stop Flying, Stop Divine Energy, Renounce Religion


You were on level 7 of the Dungeon.
You worshipped Sif Muna.
Sif Muna was pleased with you.
You were not hungry.

You visited 2 branches of the dungeon, and saw 8 of its levels.
You also visited: Sewer.

You collected 405 gold pieces.

Inventory:

Hand Weapons
 a - a +2 dagger of electrocution (weapon)
 b - a +0 hunting sling
 m - a +2 flail of protection
Missiles
 n - 2070 stones (quivered)
Armour
 h - a scarf of resistance (worn)
Jewellery
 j - a +5 ring of evasion (right hand)
 l - a ring of see invisible (left hand)
Wands
 s - a wand of clouds (7)
 v - a wand of iceblast (12)
 z - a wand of flame (10)
Scrolls
 g - a scroll of remove curse
 p - 2 scrolls of identify
 q - 2 scrolls of blinking
Potions
 c - a potion of agility
 f - 10 potions of curing
 i - a potion of cancellation
 k - 4 potions of lignification
 o - 2 potions of magic
 r - 4 potions of heal wounds
 u - a potion of mutation
 w - 2 potions of brilliance
Comestibles
 d - 3 chunks of flesh
 e - 14 rations {!d}


   Skills:
 + Level 4.3 Fighting
 + Level 7.5 Dodging
 - Level 1.5 Stealth
 + Level 7.0 Spellcasting
 - Level 2.0 Conjurations
 * Level 1.0 Hexes
 + Level 5.1 Summonings
 + Level 3.4 Ice Magic
 - Level 3.2 Air Magic
 * Level 9.9 Poison Magic


You had 3 spell levels left.
You knew the following spells:

 Your Spells              Type           Power        Failure   Level  Hunger
a - Sting                 Conj/Pois      ####         1%          1    None
b - Olgreb's Toxic Radia  Pois           ######..     1%          4    None
c - Poisonous Vapours     Pois/Air       #####.       1%          2    None
d - Summon Scorpions      Summ/Pois      #####...     3%          4    None
e - Throw Frost           Conj/Ice       ###...       4%          2    None
f - False Image           Hex/Summ       ###.....     7%          3    None
g - Summon Ice Beast      Ice/Summ       ####....     14%         4    None

Your spell library contained the following spells:

 Spells                   Type           Power        Failure   Level  Hunger
 Ensorcelled Hibernation  Hex/Ice        ###...       4%          2    None
 Corona                   Hex            ##.....      5%          1    None
 Ignite Poison            Fire/Tmut/Pois ###.....     6%          3    None
 Shackle                  Hex            ##......     8%          2    None
 Inner Flame              Hex/Fire       N/A          21%         3    None
 Venom Bolt               Conj/Pois      ####......   19%         5    None
 Ice Form                 Ice/Tmut       ###.....     38%         4    None
 Cause Fear               Hex            ##........   45%         4    None
 Yara's Violent Unravell  Hex/Tmut       ##........   54%         4    None
 Haunt                    Necr/Summ      ###.......   100%        7    None


Dungeon Overview and Level Annotations

Branches:
Dungeon (7/12)             Temple (1/1) D:4
   Lair: D:7-10

Altars:
Ashenzari
Cheibriados
Dithmenos
Elyvilon
Gozag
Hepliaklqana
Kikubaaqudgha
Lugonu
Makhleb
Nemelex Xobeh
Okawaru
Qazlal
Ru
Sif Muna
Trog
Uskayaw
Vehumet
Wu Jian
Xom
Yredelemnul
Zin
The Shining One

Shops:
D:6 !   D:7 %


Innate Abilities, Weirdness & Mutations

Your spells do not cause hunger and MP costs are reduced by 1.
Your bright wings attract enemies. (Stealth-)
You cannot fit into any form of body armour.
Your shimmering scales are hard and can block incoming attacks. (AC +6, SH +6)
You are small and have problems with some larger weapons.
You can fly continuously.


Message History

Your scorpion stings the acid dragon.
Casting: Poisonous Vapours (safe; 1% risk of failure)
Confirm with . or Enter, or press ? or * to list all spells.
You miscast Summon Ice Beast.
You are very lightly contaminated with residual magic.
Frost covers your body.
Your scorpion stings the acid dragon but does no damage.
Casting: Summon Ice Beast (safe; 14% risk of failure)
Confirm with . or Enter, or press ? or * to list all spells.
A chill wind blows around you. The acid dragon spits acid at you.
The splash of acid hits you! The acid corrodes you!
You are splashed with acid!
* * * LOW HITPOINT WARNING * * *
Your scorpion stings the acid dragon.
There is a stone staircase leading up here.
The acid dragon spits acid at you. The splash of acid hits you!
* * * LOW HITPOINT WARNING * * *
You are splashed with acid!
You die...

##########.###############.#.....
>....(...........................
.........>......##########.......
.#####)..#.####.# ##########.
.....'...#......# #.......##.
.#####..)#...##### #.......<..
.............)...######..........
...............Y.....Ds..........
..............)#@######...§.###..
÷........###.#.### ##......# ##.
##...........#)# #.......#* ##
#.#####.#####.######..###...#* #
##'###.........)..)##..# *#...###
....##.#.#####.##.)....## #......
....##...# #.##..#.)..###......
..).###### #.##..#.........##..
....# #.##..#.........##..


You could see an acid dragon, a friendly ice beast and a friendly scorpion.

Vanquished Creatures
  A centaur skeleton (D:6)
  Edmund (D:4)
  Duvessa (D:4)
  2 ice beasts
  A black bear (D:7)
  2 sky beasts (D:5)
  An ogre (D:5)
  3 phantoms
  A centaur (D:6)
  6 big kobolds
  A bullfrog (D:7)
  Dowan (D:3)
  A scorpion (D:4)
  A wight (D:6)
  2 howler monkeys (D:7)
  3 crimson imps
  A centaur zombie (D:5)
  A bullfrog skeleton (D:4)
  2 hounds (D:7)
  2 orc priests
  An orc wizard (D:7)
  2 iguanas
  9 worker ants
  A killer bee zombie (D:3)
  A hound zombie (D:7)
  A hound skeleton (D:5)
  5 gnolls
  9 adders
  10 river rats (Sewer)
  3 shadow imps
  2 oozes
  2 adder skeletons
  5 worms
  3 dart slugs
  4 leopard geckos
  17 orcs
  5 ball pythons
  6 giant cockroaches
  7 goblins
  5 hobgoblins
  8 jackals
  20 kobolds
  2 quokkas
  4 bats
  6 frilled lizards
  18 rats
190 creatures vanquished.

Vanquished Creatures (collateral kills)
  A water moccasin (D:6)
  A sky beast (D:7)
  A necrophage (D:6)
  A gnoll sergeant (D:7)
  2 wights (D:6)
  A bullfrog skeleton (D:7)
  2 gnolls (D:7)
  An adder zombie (D:6)
10 creatures vanquished.

Grand Total: 200 creatures vanquished

Notes
Turn   | Place    | Note
-------+----------+-------------------------------------------
     0 | D:1      | Gumption the Fairy Venom Mage began the quest for the Orb.
     0 | D:1      | Reached XP level 1. HP: 11/11 MP: 6/6
   122 | D:1      | Reached XP level 2. HP: 17/17 MP: 7/7
   136 | D:1      | Learned a level 2 spell: Poisonous Vapours
   260 | D:1      | Reached skill level 4 in Poison Magic
   464 | D:1      | Reached XP level 3. HP: 21/21 MP: 9/9
   596 | D:1      | Reached skill level 1 in Air Magic
  1051 | D:2      | Reached XP level 4. HP: 27/27 MP: 7/10
  1057 | D:2      | Learned a level 4 spell: Olgreb's Toxic Radiance
  1895 | D:3      | Found a faded altar of an unknown god.
  1944 | D:3      | Reached XP level 5. HP: 31/31 MP: 10/12
  1980 | D:3      | Reached skill level 5 in Poison Magic
  2206 | D:3      | Found an ornate altar of the Wu Jian Council.
  2240 | D:3      | Learned a level 4 spell: Summon Scorpions
  2494 | D:3      | Reached XP level 6. HP: 36/36 MP: 13/13
  2774 | D:4      | Noticed Duvessa
  2774 | D:4      | Noticed Dowan
  2782 | D:4      | Killed Duvessa
  2782 | D:4      | Reached skill level 1 in Summonings
  2793 | D:3      | Killed Dowan
  2793 | D:3      | Reached skill level 1 in Fighting
  2900 | D:4      | Reached skill level 6 in Poison Magic
  2900 | D:4      | Reached XP level 7. HP: 25/43 MP: 15/15
  3157 | D:4      | Found a glowing drain.
  3168 | Sewer    | Entered a sewer
  3811 | Sewer    | Reached skill level 5 in Dodging
  3811 | Sewer    | Reached XP level 8. HP: 50/50 MP: 15/17
  3863 | Sewer    | Reached skill level 7 in Poison Magic
  4059 | Sewer    | Reached skill level 5 in Spellcasting
  4310 | D:4      | Found a staircase to the Ecumenical Temple.
  4321 | Temple   | Entered the Ecumenical Temple
  4393 | Temple   | Became a worshipper of Sif Muna the Loreminder
  4540 | D:4      | Noticed Edmund
  4560 | D:4      | Killed Edmund
  4776 | D:5      | Entered Level 5 of the Dungeon
  4787 | D:5      | Reached skill level 5 in Summonings
  4924 | D:5      | Reached skill level 8 in Poison Magic
  4933 | D:5      | Reached * piety under Sif Muna
  5204 | D:5      | Reached XP level 9. HP: 29/56 MP: 14/19
  6213 | D:6      | Identified Sif Muna's Guide on Ice and Stolen Souls (Sif
                  | Muna gifted it to you on level 6 of the Dungeon)
  6213 | D:6      | Received a gift from Sif Muna
  6218 | D:6      | Learned a level 2 spell: Throw Frost
  6298 | D:6      | Reached ** piety under Sif Muna
  6298 | D:6      | Reached skill level 9 in Poison Magic
  6489 | D:6      | Found an opulent altar of Gozag.
  6489 | D:6      | Found a glowing silver altar of Zin.
  6523 | D:6      | Found Puguet's Distillery.
  6606 | D:6      | Found a shadowy altar of Dithmenos.
  6606 | D:6      | Found an iron altar of Okawaru.
  6606 | D:6      | Found a white marble altar of Elyvilon.
  6606 | D:6      | Found a sacrificial altar of Ru.
  6651 | D:6      | Reached skill level 1 in Ice Magic
  6787 | D:6      | Found a radiant altar of Vehumet.
  6787 | D:6      | Found a stormy altar of Qazlal.
  7104 | D:7      | Found Fotir's Food Shop.
  7541 | D:7      | Learned a level 3 spell: False Image
  7546 | D:7      | Learned a level 4 spell: Summon Ice Beast
  7956 | D:7      | Reached skill level 1 in Hexes
  7956 | D:7      | Reached XP level 10. HP: 57/65 MP: 22/22
  8000 | D:7      | Splashed by an acid dragon's acid

Skill      XL: |  1  2  3  4  5  6  7  8  9 |
---------------+----------------------------+-----
Poison Magic   | 4 5 6 8 9 |  9.9
Dodging        | 3 4 5 6 7 |  7.5
Conjurations   | 2 |  2.0
Spellcasting   | 3 4 5 7 |  7.0
Air Magic      | 1 2 3 |  3.2
Summonings     | 2 3 5 |  5.1
Fighting       | 1 2 3 4 |  4.3
Ice Magic      | 3 |  3.4
Hexes          | 1 |  1.0
Stealth        | |  1.5

Action                   |  1- 3 |  4- 6 |  7- 9 | 10-12 || total
-------------------------+-------+-------+-------+-------++-------
Melee: Dagger            |     3 |    60 |   245 |       ||   308
 Fire: Hunting sling     |       |     3 |    43 |       ||    46
 Cast: Sting             |    53 |    72 |    67 |       ||   192
       Poisonous Vapours |     6 |    28 |   105 |     2 ||   141
       Olgreb's Toxic Ra |       |     1 |     8 |       ||     9
       Summon Scorpions  |       |       |    12 |     1 ||    13
       Throw Frost       |       |       |    11 |       ||    11
       Summon Ice Beast  |       |       |       |     1 ||     1
Invok: Divine Energy     |       |       |     1 |       ||     1
  Use: Scroll            |       |     7 |    14 |       ||    21
  Eat: Chunk             |       |     5 |     6 |     1 ||    12
       Ration            |       |       |     3 |       ||     3
Armor: Skin              |     1 |    14 |    39 |       ||    54
Dodge: Dodged            |    18 |    57 |   218 |       ||   293
Block: Other             |     2 |    29 |    81 |       ||   112
